 Dungeon Crawl Stone Soup version 0.24.0-1-gfbc8707 (webtiles) character file.

Game seed: 4072162733463587769, levelgen mode: deterministic

3192 ArcanElement the Thaumaturge (level 9, -14/55 HPs)
             Began as a Deep Elf Wizard on Oct 28, 2019.
             Was an Initiate of Sif Muna.
             Killed from afar by a gargoyle (18 damage)
             ... with a stone arrow
             ... on level 8 of the Dungeon on Oct 29, 2019.
             The game lasted 00:23:08 (11119 turns).

ArcanElement the Thaumaturge (Deep Elf Wizard)     Turns: 11119, Time: 00:23:09

Health: -14/55     AC:  3    Str:  4    XL:     9   Next: 64%
Magic:  20/25      EV: 17    Int: 27    God:    Sif Muna [......]
Gold:   460        SH:  0    Dex: 13    Spells: 16/29 levels left

rFire    . . .     SeeInvis .   F - +3 dagger (chaos)
rCold    . . .     Gourm    .   (no shield)
rNeg     + . .     Faith    .   a - +0 robe
rPois    .         Spirit   .   b - +0 hat
rElec    .         Reflect  .   j - scarf {cloud immunity}
rCorr    .         Harm     .   (no gloves)
MR       .....                  D - +0 pair of boots
Stlth    ++........             (no amulet)
HPRegen  0.18/turn              i - ring of positive energy
MPRegen  0.19/turn              (no ring)

@: no status effects
A: no striking features
a: Renounce Religion


You were on level 8 of the Dungeon.
You worshipped Sif Muna.
Sif Muna was noncommittal.
You were not hungry.

You visited 2 branches of the dungeon, and saw 9 of its levels.
You also visited: Sewer.

You collected 460 gold pieces.

Inventory:

Hand Weapons
 F - a +3 dagger of chaos (weapon)
Missiles
 n - 106 arrows
Armour
 a - a +0 robe (worn)
 b - a +0 hat (worn)
 j - a scarf of cloud immunity (worn)
 l - a +1 cloak of magic resistance
 D - a +0 pair of boots (worn)
Jewellery
 i - a ring of positive energy (left hand)
Wands
 w - a wand of polymorph (16)
 C - a wand of paralysis (4)
Scrolls
 e - 4 scrolls of teleportation
 o - a scroll of blinking
 p - 2 scrolls of noise
 u - a scroll of magic mapping
 v - a scroll of amnesia
 y - 2 scrolls of remove curse
 A - a scroll of acquirement
 E - a scroll of immolation
Potions
 f - a potion of resistance
 g - 4 potions of invisibility
 h - a potion of cancellation
 k - 4 potions of lignification
 m - 2 potions of heal wounds
 q - a potion of ambrosia
 r - 2 potions of curing
 s - 2 potions of magic
 z - 3 potions of agility
 B - 2 potions of haste {unknown}
Comestibles
 d - 16 rations


   Skills:
 + Level 6.2 Fighting
 + Level 9.4 Dodging
 - Level 2.4 Stealth
 + Level 10.8 Spellcasting
 - Level 3.5 Conjurations
 - Level 1.1 Summonings
 - Level 1.1 Translocations


You had 16 spell levels left.
You knew the following spells:

 Your Spells              Type           Power        Failure   Level  Hunger
a - Magic Dart            Conj           ####         1%          1    None
b - Blink                 Tloc           N/A          3%          2    None
c - Call Imp              Summ           ###.....     3%          2    None
d - Slow                  Hex            ##......     6%          2    None
e - Mephitic Cloud        Conj/Pois/Air  ###.....     8%          3    None
f - Conjure Flame         Conj/Fire      ###.....     6%          3    None

Your spell library contained the following spells:

 Spells                   Type           Power        Failure   Level  Hunger
 Animate Skeleton         Necr           N/A          4%          1    None
 Pain                     Necr           ##..         4%          1    None
 Regeneration             Chrm/Necr      ##........   12%         3    None
 Vampiric Draining        Necr           ##........   12%         3    None
 Animate Dead             Necr           N/A          36%         4    None


Dungeon Overview and Level Annotations

Branches:
Dungeon (8/15)             Temple (1/1) D:7           Sewer (visited)
   Lair: D:8-11

Altars:
Ashenzari
Dithmenos
Elyvilon
Fedhas
Gozag
Hepliaklqana
Kikubaaqudgha
Makhleb
Nemelex Xobeh
Qazlal
Ru
Sif Muna
Trog
Uskayaw
Vehumet
Wu Jian
Xom
Yredelemnul
Zin
The Shining One

Annotations:
D:8 3 runed translucent doors, RighteousDevil's ghost, novice DrCj


Message History

The gargoyle hits you with a +0 mace!
Found 22 bolts.
There is an open door, spattered with blood here.
Casting: Magic Dart (safe; 1% risk of failure)
Confirm with . or Enter, or press ? or * to list all spells.
You blink.
Casting: Blink (safe; 3% risk of failure)
Confirm with . or Enter, or press ? or * to list all spells.
You blink.
The gargoyle hurls a stone arrow at you.
The stone arrow hits you!!
Casting: Blink (safe; 3% risk of failure)
Confirm with . or Enter, or press ? or * to list all spells.
You blink.
The gargoyle hurls a stone arrow at you.
The stone arrow hits you!!
* * * LOW HITPOINT WARNING * * *
The gargoyle hurls a stone arrow at you.
The stone arrow hits you!!
You die...

.#####..##.# #.......#(#.#.#...#
[# #..##.##+.......'##........ .#
#..##.##....8....##.#...... .#
#..##9##+.......+##.#.##.## .#
#.....# #..9....# #...# #
.#####..##.###'.....+###.#.##.#
........##..#?##...## #..#.....
######..###.###8...8###.......#
######...)....##@..##...#######
.....#.###.##.........#.#
####.#.##...###[...####.#
...................# #.#
####.##>#...#####.## #.#
.........#.######.### #..
####.##..#.#........# ###
#†##..#.#.#.##.#.# #
####(##..#...#...(#.#############


You could see a gargoyle.

Vanquished Creatures
  Psyche (D:8)
  A hippogriff (D:8)
  A wyvern (D:8)
  4 phantoms
  A black bear (D:6)
  A necrophage (D:5)
  A sky beast (D:5)
  An ogre (D:8)
  A crocodile (D:6)
  2 bullfrogs
  2 scorpions (D:7)
  5 killer bees (D:8)
  2 howler monkeys (D:6)
  A crimson imp (D:6)
  6 hounds
  A bullfrog skeleton (D:5)
  4 orc priests
  A centaur skeleton (D:5)
  Natasha (twice) (D:3)
  2 orc wizards
  2 hound zombies (D:7)
  A hound skeleton (D:7)
  A howler monkey skeleton (D:6)
  7 adders
  3 shadow imps
  An ooze (D:2)
  An adder zombie (D:6)
  3 worms
  2 dart slugs
  8 leopard geckos
  12 orcs
  4 ball pythons
  10 bats
  10 giant cockroaches
  4 hobgoblins
  12 jackals
  2 quokkas
  9 frilled lizards
  8 goblins
  2 jackal skeletons
  A jackal zombie (D:6)
  15 kobolds
  A quokka skeleton (D:4)
  13 rats
172 creatures vanquished.

Vanquished Creatures (collateral kills)
  Grinder (D:4)
  A wyvern (D:7)
  An ogre (D:8)
  A scorpion (D:8)
  A killer bee (D:8)
  A crimson imp (D:6)
  An orc wizard (D:6)
  Terence (D:2)
  An iguana (D:6)
  Natasha (D:3)
  A worker ant (D:4)
  An adder (D:5)
  2 worms
  5 orcs
  A bat (D:3)
  A giant cockroach (D:3)
  A goblin (D:3)
  2 hobgoblins (D:3)
  A jackal (Sewer)
  A quokka (D:6)
  A ball python (D:3)
  2 kobolds (D:3)
  2 plants (Sewer)
31 creatures vanquished.

Vanquished Creatures (others)
  3 fungi (D:8)
  2 plants
5 creatures vanquished.

Grand Total: 208 creatures vanquished

Notes
Turn   | Place    | Note
-------+----------+-------------------------------------------
     0 | D:1      | ArcanElement the Deep Elf Wizard began the quest for the
                  | Orb.
     0 | D:1      | Reached XP level 1. HP: 10/10 MP: 7/7
    79 | D:1      | Reached XP level 2. HP: 15/15 MP: 3/9
   567 | D:1      | Reached XP level 3. HP: 16/19 MP: 0/10
   668 | D:1      | Learned a level 2 spell: Blink
   671 | D:1      | Learned a level 2 spell: Call Imp
   674 | D:1      | Learned a level 2 spell: Slow
   678 | D:1      | Learned a level 3 spell: Mephitic Cloud
  1370 | D:2      | Noticed a bullfrog
  1376 | D:2      | Killed a bullfrog
  1376 | D:2      | Reached skill level 1 in Fighting
  1376 | D:2      | Reached skill level 5 in Spellcasting
  1376 | D:2      | Reached XP level 4. HP: 23/25 MP: 7/13
  1636 | D:2      | Noticed Terence
  1690 | D:2      | Killed Terence
  1690 | D:2      | Reached XP level 5. HP: 18/29 MP: 1/14
  1696 | D:2      | Learned a level 3 spell: Conjure Flame
  2440 | D:3      | Found a glowing drain.
  2444 | Sewer    | Entered a sewer
  3619 | D:3      | Noticed Natasha
  3626 | D:3      | Killed Natasha
  3635 | D:3      | Noticed Natasha
  3639 | D:3      | Killed Natasha
  3871 | D:3      | Noticed Natasha
  3880 | D:3      | Killed Natasha
  4100 | D:3      | Reached XP level 6. HP: 35/35 MP: 10/16
  4377 | D:4      | Noticed Grinder
  4397 | D:4      | Killed Grinder
  4397 | D:4      | Reached skill level 6 in Spellcasting
  4529 | D:4      | Reached skill level 5 in Dodging
  4529 | D:4      | Reached XP level 7. HP: 41/41 MP: 2/19
  5340 | D:4      | Noticed a moth of wrath
  5343 | D:4      | Found a bloodstained altar of Trog.
  5593 | D:5      | Entered Level 5 of the Dungeon
  5710 | D:5      | Reached skill level 7 in Spellcasting
  6288 | D:5      | Reached XP level 8. HP: 48/48 MP: 11/21
  6912 | D:5      | Reached skill level 8 in Spellcasting
  7846 | D:6      | Found an opulent altar of Gozag.
  8052 | D:6      | Found a shattered altar of Ashenzari.
  8269 | D:6      | Found a shattered altar of Ashenzari.
  8280 | D:6      | Found a white marble altar of Elyvilon.
  8287 | D:6      | Reached skill level 9 in Spellcasting
  8493 | D:7      | Reached skill level 5 in Fighting
  9195 | D:7      | Found a staircase to the Ecumenical Temple.
  9212 | D:7      | Reached XP level 9. HP: 54/54 MP: 7/24
  9226 | Temple   | Entered the Ecumenical Temple
  9379 | Temple   | Became a worshipper of Sif Muna the Loreminder
  9673 | D:7      | Found a blossoming altar of Fedhas.
 10124 | D:7      | Identified a scroll of acquirement
 10129 | D:8      | Noticed Psyche
 10145 | D:8      | Killed Psyche
 10145 | D:8      | Reached skill level 10 in Spellcasting
 10265 | D:8      | Found a runed translucent gate.
 10265 | D:8      | Noticed RighteousDevil's ghost (novice DrCj)
 10265 | D:8      | Noticed a kobold demonologist
 10267 | D:8      | Found a runed translucent gate.
 10267 | D:8      | Found a runed translucent gate.
 10858 | D:8      | Noticed a gargoyle
 11109 | D:8      | Noticed a gargoyle
 11119 | D:8      | Killed from afar by a gargoyle

Levels and vault maps discovered:
D:1:      giann_forest_graveyard, layout_basic
D:2:      layout_basic, first_ration, uniq_terence
D:3:      layout_basic, gup_sewer_entry_bowl, uniq_natasha
D:4:      layout_gridville, tgw_trog, uniq_grinder
D:5:      layout_basic
D:6:      layout_cave_pods, nicolae_overflow_hidden_temple,
          nicolae_ashenzari_panopticon
D:7:      layout_layer_cave, kennysheep_little_box,
          minmay_temple_entry_proselytizer
D:8:      cheibrodos_statue_roulette, layout_loops_ring,
          gammafunk_ghost_nasty_kobolds, uniq_psyche
Temple:   eino_temple_rhombus

Skill      XL: |  1  2  3  4  5  6  7  8  9 |
---------------+----------------------------+-----
Conjurations   | 2 3 |  3.5
Fighting       | 1 2 3 5 6 |  6.2
Dodging        | 3 4 5 6 8 9 |  9.4
Spellcasting   | 5 6 7 9 10 | 10.8
Stealth        | |  2.4
Summonings     | |  1.1
Translocations | |  1.1

Action                   |  1- 3 |  4- 6 |  7- 9 || total
-------------------------+-------+-------+-------++-------
Melee: Dagger            |    14 |   153 |    12 ||   179
       Whip              |       |       |     6 ||     6
       Short sword       |       |       |     4 ||     4
 Cast: Magic Dart        |    77 |   126 |   338 ||   541
       Call Imp          |     3 |    30 |    32 ||    65
       Mephitic Cloud    |       |     3 |    14 ||    17
       Conjure Flame     |       |     1 |    21 ||    22
       Blink             |       |       |     9 ||     9
  Use: Potion            |       |     6 |       ||     6
       Scroll            |       |     6 |    11 ||    17
 Stab: Sleeping          |       |     2 |     1 ||     3
       Distracted        |       |     1 |       ||     1
       Confused          |       |       |     1 ||     1
  Eat: Chunk             |     1 |     9 |    18 ||    28
       Ration            |       |       |     1 ||     1
Armor: Robe              |     1 |     1 |     4 ||     6
Dodge: Dodged            |    20 |    35 |    61 ||   116
